 Dungeon Crawl Stone Soup version 0.31-a0-1082-g7d1fb776a8 (webtiles) character file.

Game seed: 68421872834829525

9 Flugslaktarn the Changeling (level 2, 0/18 HPs)
             Began as an Octopode Shapeshifter on Nov 28, 2023.
             Slain by a jackal (1 damage)
             ... on level 1 of the Dungeon.
             The game lasted 00:00:07 (135 turns).

Flugslaktarn the Changeling (Octopode Shapeshifter)  Turns: 135, Time: 00:00:08

Health: 0/18       AC:  1    Str: 13    XL:     2   Next: 12%
Magic:  2/2        EV: 13    Int: 12    God:
Gold:   14         SH:  0    Dex: 11    Spells: 1/1 levels left

rFire   . .          .
                       - Unarmed
rCold   . . .        (no shield)
rNeg    . . .        (helmet currently unavailable)
rPois   .            (no amulet)
rElec   .            (no ring)
rCorr   .            (no ring)
SInv    .            (no ring)
Will    .....        (no ring)
Stlth   ++           (no ring)
HPRegen 0.23/turn    (no ring)
MPRegen 0.08/turn    (no ring)
                     (no ring)

%: no passive effects
@: beast-form
A: beast (slay +1), almost no armour, amphibious, 8 rings, camouflage 1,
gelatinous body 1, (nimble swimmer 1), tentacles
a: Begin Untransformation


You were on level 1 of the Dungeon.
You were a hulking beast.
You visited 1 branch of the dungeon, and saw 1 of its levels.

You collected 14 gold pieces.

Inventory:

Talismans
 b - a beast talisman
 c - a flux talisman
Scrolls
 d - 3 scrolls of identify {unknown}
Potions
 a - a potion of lignification


   Skills:
 + Level 1.3 Fighting
 - Level 2.0 Dodging
 + Level 3.1 Unarmed Combat
 * Level 3.2 Shapeshifting


You had one spell level left.
You didn't know any spells.
Your spell library was empty.

Dungeon Overview and Level Annotations

Branches:
Dungeon (1/15)

Altars:


Innate Abilities, Weirdness & Mutations

You are a hulking beast.
Your limbs bulge with bestial killing power. (Slay +1)
You cannot wear most types of armour.
You are amphibious.
You can wear up to eight rings at the same time.
Your skin changes colour to match your surroundings (Stealth+).
Your rubbery body absorbs attacks. (AC +1, EV +1)
((You are camouflaged when in or above water. (Stealth+)))
You have tentacles for arms and can constrict up to eight enemies at once.


Message History

No target in view!
No target in view!
No target in view!
No target in view!
You now have 14 gold pieces (gained 9).
d - 2 scrolls labelled JEUTUDUVOD (gained 1)
d - 3 scrolls labelled JEUTUDUVOD (gained 1)
A goblin comes into view. It is wielding a +0 club.
Unknown command.
A goblin is nearby!
A goblin is nearby!
A bat and a kobold come into view.
Found a scroll labelled PEXARE NIXYRITTANN.
The goblin shouts!
The kobold shouts!
You hear a bark!
You tentacle-slap the bat.
You kill the bat!
The kobold throws a stone.
The stone hits you.
You closely miss the goblin. Your grab misses the goblin.
Your squeeze misses the goblin. The goblin hits you with a +0 club.
You tentacle-slap the goblin. Your grab misses the goblin.
The goblin is severely wounded.
The goblin misses you.
You tentacle-slap the goblin.
You kill the goblin!
You completely miss the kobold. You grab the kobold. You squeeze the kobold.
You kill the kobold!
An endoplasm comes into view.
Unknown command.
An endoplasm is nearby!
A jackal comes into view.
The endoplasm quivers.
The jackal barks!
You tentacle-slap the endoplasm.
The endoplasm is heavily wounded.
You hear a bark!
A goblin comes into view. It is wielding a +0 dagger.
The endoplasm freezes you.
You are frozen.
The goblin shouts!
You tentacle-slap the endoplasm.
The endoplasm is heavily wounded.
The endoplasm misses you.
You tentacle-slap the endoplasm.
The endoplasm is severely wounded.
The endoplasm closely misses you.
You tentacle-slap the endoplasm but do no damage.
You squeeze the endoplasm, but do no damage.
The endoplasm is severely wounded.
The jackal barely misses you.
The endoplasm hits you but does no damage.
A jackal comes into view.
You tentacle-slap the endoplasm.
The endoplasm is almost dead.
The jackal barely misses you. The endoplasm freezes you.
You are frozen.
You tentacle-slap the endoplasm.
You kill the endoplasm!
The jackal closely misses you.
You have reached level 2!
You tentacle-slap the jackal.
You kill the jackal!
A jackal comes into view.
You closely miss the goblin.
The jackal barks!
Your grab misses the goblin. The goblin hits you with a +0 dagger.
You tentacle-slap the jackal. Your grab misses the jackal.
The jackal is moderately wounded.
The jackal bites you. The goblin hits you but does no damage.
You tentacle-slap the jackal. You grab the jackal.
The jackal is severely wounded.
You constrict the jackal, but do no damage.
The jackal bites you. The goblin closely misses you. The jackal bites you.
You are too injured to fight recklessly!
You are too injured to fight recklessly!
You are too injured to fight recklessly!
You are too injured to fight recklessly!
You are too injured to fight recklessly!
You are too injured to fight recklessly!
There are monsters nearby!
Unknown command.
You release your grip on the jackal.
The jackal attacks as it pursues you! The jackal bites you.
Things that are here:
a +0 club; a goblin corpse The jackal attacks as it pursues you!
The jackal closely misses you. The goblin hits you with a +0 dagger.
* * * LOW HITPOINT WARNING * * *
The jackal bites you.
* * * LOW HITPOINT WARNING * * *
You are too injured to fight recklessly!
You tentacle-slap the jackal. You grab the jackal.
The jackal is almost dead.
You constrict the jackal, but do no damage.
The jackal bites you.
* * * LOW HITPOINT WARNING * * *
You tentacle-slap the jackal.
You kill the jackal!
The jackal bites you.
You die...

## # .# #. #. .#
...
.##..####.##..#.
..?.............
#..##.........
#...)g........
#.###h######.#
#h### #.#..
#.#.# #.#.#
##### #.#.#
##...## #.#.#
##.....##
#.#.####.#
##.......##
#........#
###.........#
###.######


You could see a jackal and a goblin.

Vanquished Creatures
  A ball python (D:1)
  2 endoplasms (D:1)
  A goblin (D:1)
  2 jackals (D:1)
  A kobold (D:1)
  A bat (D:1)
8 creatures vanquished.

Notes
Turn   | Place    | Note
-------+----------+-------------------------------------------
     0 | D:1      | Flugslaktarn the Octopode Shapeshifter began the quest for
                  | the Orb.
     0 | D:1      | Reached XP level 1. HP: 13/13 MP: 1/1
   127 | D:1      | Reached XP level 2. HP: 14/18 MP: 2/2
   135 | D:1      | Slain by a jackal

Illustrated notes

Levels and vault maps discovered:
D:1:      psy_arrival_fountain, layout_loops_ring,
          shapermc_ecumenical_altar_hornbeckon

Action                     || total
---------------------------++-------
  Melee: Unarmed           ||    21
         Tentacles         ||     3
         Constrict         ||     4
 Armour: Skin              ||    15
  Dodge: Dodged            ||    10

Table legend: (Time is in decaauts)
 A = Elapsed time spent in this place.
 B = Non-inter-level travel time spent in this place.
 C = Inter-level travel time spent in this place.
 D = Time resting spent in this place.
 E = Time spent auto-exploring this place.
 F = Levels seen in this place.
 G = Mean time per level.
                   A        B        C        D        E       F      G
               +--------+--------+--------+--------+--------+-----+--------+
         Total |    133 |    133 |      0 |      0 |     92 |   1 |  133.0 |
       Dungeon |    133 |    133 |      0 |      0 |     92 |   1 |  133.0 |
               +--------+--------+--------+--------+--------+-----+--------+

Top non-repeatable levels by time:
     D:1: 133 daAuts
